 Dungeon Crawl Stone Soup version 0.24.0-35-gdb84b6a5db (webtiles) character file.

Game seed: 10217518691761900788, levelgen mode: deterministic

14710 DildoBatman the Black Sun (level 12, -19/91 HPs)
             Began as a Formicid Wizard on Nov 19, 2019.
             Was a High Priest of Kikubaaqudgha.
             Demolished by an ettin
             ... wielding a +0 dire flail
              (28 damage)
             ... on level 2 of the Orcish Mines.
             The game lasted 01:17:50 (16028 turns).

DildoBatman the Black Sun (Formicid Wizard)        Turns: 16028, Time: 01:17:51

Health: -19/91     AC: 12    Str: 11    XL:     12   Next: 48%
Magic:  20/23      EV: 14    Int: 24    God:    Kikubaaqudgha [*****.]
Gold:   1314       SH:  0    Dex:  9    Spells: 4/26 levels left

rFire    . . .     SeeInvis +   a - +4 halberd
rCold    . . .     Gourm    .   (no shield)
rNeg     . . .     Faith    .   J - +2 robe {MR+}
rPois    .         Spirit   .   (helmet unavailable)
rElec    .         Reflect  .   (no cloak)
rCorr    +         Harm     .   (no gloves)
MR       ++...     Clarity  +   (no boots)
Stlth    ++........             (no amulet)
HPRegen  0.25/turn              D - +6 ring of protection
MPRegen  0.18/turn              w - ring of resist corrosion

@: no status effects
A: permanent stasis, dig shafts and tunnels, four strong arms, antennae 3,
hooves 1, iridescent scales 1, blurry vision 1, clarity
a: Dig, Shaft Self, Receive Corpses, Torment, Renounce Religion


You were on level 2 of the Orcish Mines.
You worshipped Kikubaaqudgha.
Kikubaaqudgha was extremely pleased with you.
You were not hungry.

You visited 3 branches of the dungeon, and saw 14 of its levels.
You also visited: Sewer and Ossuary.

You collected 1314 gold pieces.

Inventory:

Hand Weapons
 a - a +4 halberd (weapon)
 c - a +0 shortbow
 d - a +4 dagger
 e - a +2 dagger of venom
Missiles
 f - 4 silver boomerangs
 h - 310 stones (quivered)
 j - 143 bolts
 l - 15 boomerangs
 n - 211 arrows
 s - 7 throwing nets
 A - 4 javelins
 F - 9 sling bullets
 P - 11 poisoned darts
Armour
 J - a +2 robe of magic resistance (worn)
Magical Staves
 Q - an uncursed staff of poison
Jewellery
 w - a ring of resist corrosion (right hand)
 D - a +6 ring of protection (left hand)
Wands
 i - a wand of iceblast (8)
 E - a wand of flame (45)
Scrolls
 p - 7 scrolls of fog
 q - 4 scrolls of immolation
 t - a scroll of enchant armour
 u - 2 scrolls of fear
 x - a scroll of remove curse
 y - 2 scrolls of amnesia
 M - a scroll of enchant weapon
Potions
 k - 2 potions of curing
 m - 2 potions of heal wounds
 o - 3 potions of cancellation
 r - a potion of brilliance
 z - a potion of resistance
 B - a potion of ambrosia {unknown}
 C - 3 potions of magic
 G - a potion of lignification
 K - a potion of flight
 L - 3 potions of degeneration {unknown}
 O - a potion of berserk rage {unknown}
Comestibles
 v - 20 rations


   Skills:
 * Level 7.1 Fighting
 * Level 7.1 Armour
 * Level 6.3 Dodging
 - Level 2.4 Stealth
 - Level 7.5 Spellcasting
 - Level 6.0 Conjurations
 - Level 4.0 Charms
   Level 1.0 Summonings
 - Level 9.0 Necromancy
   Level 0.8 Translocations
 - Level 5.0 Fire Magic
 - Level 5.0 Air Magic


You had 4 spell levels left.
You knew the following spells:

 Your Spells              Type           Power        Failure   Level  Hunger
a - Conjure Flame         Conj/Fire      #####...     2%          3    None
b - Bolt of Draining      Conj/Necr      #####.....   9%          5    #####..
c - Magic Dart            Conj           ####         1%          1    None
d - Regeneration          Chrm/Necr      #####.....   1%          3    None
e - Mephitic Cloud        Conj/Pois/Air  ####....     4%          3    None
h - Dispel Undead         Necr           ######..     4%          5    #####..
z - Sublimation of Blood  Necr           ######....   1%          2    None

Your spell library contained the following spells:

 Spells                   Type           Power        Failure   Level  Hunger
 Animate Skeleton         Necr           N/A          1%          1    None
 Pain                     Necr           ####         1%          1    None
 Summon Small Mammal      Summ           ##..         4%          1    None
 Dazzling Spray           Conj/Hex       ###...       6%          3    None
 Confusing Touch          Hex            #.....       7%          1    None
 Corona                   Hex            #......      7%          1    None
 Call Imp                 Summ           ##......     7%          2    None
 Inner Flame              Hex/Fire       ###.....     8%          3    None
 Ensorcelled Hibernation  Hex/Ice        #.....       11%         2    None
 Slow                     Hex            #.......     11%         2    None
 Call Canine Familiar     Summ           ##......     14%         3    None
 Gell's Gravitas          Tloc           ##........   14%         3    None
 Portal Projectile        Hex/Tloc       ##....       17%         3    None
 Summon Guardian Golem    Hex/Summ       ##......     17%         3    None
 Confuse                  Hex            #.......     21%         3    None
 Tukima's Dance           Hex            #.......     21%         3    None
 Summon Lightning Spire   Summ/Air       ###.....     21%         4    ###....
 Summon Ice Beast         Ice/Summ       ##......     50%         4    ###....
 Cause Fear               Hex            #.........   56%         4    ###....
 Leda's Liquefaction      Hex/Erth       #.........   56%         4    ###....
 Petrify                  Tmut/Erth      #.......     56%         4    ###....
 Agony                    Necr           ######..     4%          5    #####..
 Excruciating Wounds      Chrm/Necr      #####.....   13%         5    #####..
 Simulacrum               Ice/Necr       ####......   86%         6    ######.
 Metabolic Englaciation   Hex/Ice        #.........   88%         5    #####..
 Yara's Violent Unravell  Hex/Tmut       #.........   88%         5    #####..
 Blink                    Tloc           Unusable     N/A         2    N/A

Dungeon Overview and Level Annotations

Branches:
Dungeon (11/15)            Temple (1/1) D:4            Lair (0/6) D:8
    Orc (2/2) D:9           Sewer (visited)         Ossuary (visited)
    Elf: Orc:2

Altars:
Ashenzari
Cheibriados
Dithmenos
Elyvilon
Fedhas
Gozag
Hepliaklqana
Kikubaaqudgha
Makhleb
Nemelex Xobeh
Okawaru
Qazlal
Ru
Sif Muna
Trog
Uskayaw
Vehumet
Wu Jian
Xom
Yredelemnul
Zin
The Shining One

Shops:
D:4 %   D:6 *


Innate Abilities, Weirdness & Mutations

You cannot be hasted, slowed, berserked, paralysed or teleported.
You can dig through walls and to a lower floor.
Your four strong arms can wield two-handed weapons with a shield.
You have a pair of large antennae on your head. (SInv)
You have large cloven feet.
You are partially covered in iridescent scales. (AC +2)
Scrolls take you a little longer to read.
You possess an exceptional clarity of mind.


Message History

Press: ? - help, Dir - move target cursor, f/p - ettin
Aim: an ettin, wielding two +0 dire flails (flame, heavily wounded)
You reach to attack!
You hit the ettin but do no damage.
The ettin is heavily wounded.
The ettin is engulfed in blazing flames.
You retract your mandibles.
You hit the ettin but do no damage.
The ettin is heavily wounded.
The ettin is engulfed in blazing flames.
The ettin hits you but does no damage. x2
You hit the ettin. You kick the ettin, but do no damage.
The ettin is severely wounded.
The ettin is engulfed in blazing flames.
The ettin hits you with a +0 dire flail!! x2
The ettin is engulfed in blazing flames.
The ettin hits you with a +0 dire flail!!
You die...
Kikubaaqudgha rasps: "You have failed me!
Welcome... death!"

...........{.......).
#........{......... {
##...<............. {
##.....##......... {{
#....{.####.##...
##....## ###....
###..## ##..#
#######.# ...#
#@C☼§..## ########


You could see an ettin.

Vanquished Creatures
  Pikel (D:5)
  4 orc knights (Orc:1)
  An ugly thing (D:11)
  A manticore (D:11)
  Psyche (D:8)
  A kobold demonologist (D:5)
  A merfolk (D:10)
  2 trolls
  2 hippogriffs (D:11)
  11 yaks
  A vampire (D:9)
  Edmund (D:5)
  3 wargs
  A water moccasin (D:9)
  Duvessa (D:3)
  7 ice beasts
  5 sky beasts
  2 black bears (D:8)
  14 orc warriors
  Purgy (Sewer)
  5 phantoms
  4 slaves (D:5)
  5 ogres
  5 centaurs
  A big kobold (D:6)
  A gnoll sergeant (Orc:1)
  6 bullfrogs
  Dowan (D:3)
  A wyvern skeleton (D:7)
  A water moccasin skeleton (D:5)
  2 scorpions
  3 killer bees (D:9)
  3 jellies
  A vampire bat (D:8)
  9 wights
  9 howler monkeys
  5 crimson imps
  A quasit (D:8)
  A bullfrog zombie (D:11)
  A centaur skeleton (D:7)
  A centaur zombie (Ossuary)
  12 orc priests
  A gnoll shaman (D:4)
  A human zombie (Ossuary)
  2 bullfrog skeletons
  4 hounds
  18 orc wizards
  4 iguanas
  Ijyb (D:5)
  Natasha (thrice) (D:3)
  10 worker ants
  2 big kobold zombies (Ossuary)
  2 hound skeletons
  2 mummies (Ossuary)
  A howler monkey zombie (D:8)
  A worker ant zombie (D:9)
  Robin (D:1)
  13 adders
  17 gnolls
  A river rat (D:3)
  7 shadow imps
  An ooze (D:6)
  An adder skeleton (D:7)
  An adder zombie (D:9)
  6 worms
  2 dart slugs
  5 leopard geckos
  73 orcs
  7 ball pythons
  3 bat skeletons (D:8)
  2 bat zombies (D:8)
  7 giant cockroaches
  14 goblins
  12 hobgoblins
  9 jackals
  3 quokkas
  A ball python skeleton (D:4)
  11 bats
  10 frilled lizards
  6 goblin zombies (Ossuary)
  A hobgoblin zombie (Ossuary)
  A jackal skeleton (D:7)
  15 kobolds
  3 orc zombies (Ossuary)
  10 rats
434 creatures vanquished.

Notes
Turn   | Place    | Note
-------+----------+-------------------------------------------
     0 | D:1      | DildoBatman the Formicid Wizard began the quest for the
                  | Orb.
     0 | D:1      | Reached XP level 1. HP: 13/13 MP: 4/4
    10 | D:1      | Reached skill level 1 in Conjurations
   332 | D:1      | Reached XP level 2. HP: 13/19 MP: 0/6
   787 | D:1      | Reached XP level 3. HP: 24/24 MP: 5/7
   792 | D:1      | Learned a level 3 spell: Conjure Flame
   796 | D:1      | Learned a level 3 spell: Mephitic Cloud
  2060 | D:2      | Reached XP level 4. HP: 30/30 MP: 2/8
  2578 | D:2      | Reached XP level 5. HP: 35/35 MP: 0/9
  3123 | D:3      | Found a glowing drain.
  3221 | Sewer    | Entered a sewer
  3345 | Sewer    | Noticed Purgy
  3454 | Sewer    | Killed Purgy
  3454 | Sewer    | Reached skill level 5 in Conjurations
  3454 | Sewer    | Reached XP level 6. HP: 34/41 MP: 0/10
  3753 | D:3      | Noticed Robin
  3954 | D:3      | Found an iron altar of Okawaru.
  4261 | D:3      | Found a stormy altar of Qazlal.
  4487 | D:4      | Found a staircase to the Ecumenical Temple.
  4493 | Temple   | Entered the Ecumenical Temple
  4724 | D:3      | Reached XP level 7. HP: 29/46 MP: 6/11
  4793 | D:3      | Reached skill level 1 in Fire Magic
  4807 | D:3      | Reached skill level 1 in Air Magic
  4903 | D:3      | Noticed Natasha
  4992 | D:4      | Noticed Duvessa
  4992 | D:4      | Noticed Dowan
  4998 | D:3      | Gained mutation: You are clumsy. (Dex -2) [potion of
                  | mutation]
  4998 | D:3      | Gained mutation: Your mind is acute. (Int +2) [potion of
                  | mutation]
  4998 | D:3      | Gained mutation: Your mind is very acute. (Int +4) [potion
                  | of mutation]
  5024 | D:4      | Found a basalt altar of Yredelemnul.
  5070 | D:5      | Entered Level 5 of the Dungeon
  5470 | D:5      | Reached XP level 8. HP: 35/52 MP: 1/12
  5571 | D:5      | Found a hazy altar of Hepliaklqana.
  5598 | D:5      | Noticed Pikel
  5853 | D:5      | Noticed Ijyb
  6128 | D:6      | Found a shimmering blue altar of Sif Muna.
  6128 | D:6      | Found a bloodstained altar of Trog.
  6562 | D:6      | Found a shadowy altar of Dithmenos.
  6793 | D:6      | Found a blossoming altar of Fedhas.
  6978 | D:6      | Found Zin's Purification Station.
  6988 | D:6      | Found a glowing silver altar of Zin.
  7005 | D:6      | Found a radiant altar of Vehumet.
  7324 | D:7      | Reached skill level 5 in Fire Magic
  7698 | D:7      | Reached XP level 9. HP: 49/57 MP: 9/13
  7711 | D:7      | Reached skill level 5 in Air Magic
  8255 | D:7      | Reached skill level 5 in Spellcasting
  8773 | D:8      | Found an ancient bone altar of Kikubaaqudgha.
  8793 | D:8      | Became a worshipper of Kikubaaqudgha
  8818 | D:8      | Found a sand-covered staircase.
  8884 | Ossuary  | Entered an ossuary
  9316 | D:7      | Reached skill level 1 in Fighting
  9316 | D:7      | Reached skill level 1 in Armour
  9779 | D:5      | Killed Ijyb
  9842 | D:5      | Found a transporter.
  9857 | D:5      | Noticed a kobold demonologist
  9871 | D:5      | Found a transporter.
  9902 | D:5      | Reached XP level 10. HP: 52/67 MP: 5/21
 10065 | D:5      | Noticed Edmund
 10079 | D:5      | Killed Edmund
 10154 | D:5      | Reached * piety under Kikubaaqudgha
 10154 | D:5      | Identified Kikubaaqudgha's Papyrus of Black Rituals
                  | (Kikubaaqudgha gifted it to you on level 5 of the Dungeon)
 10154 | D:5      | Received a gift from Kikubaaqudgha
 10181 | D:5      | Learned a level 2 spell: Sublimation of Blood
 10185 | D:5      | Learned a level 3 spell: Regeneration
 10227 | D:5      | Reached skill level 1 in Charms
 10227 | D:5      | Reached skill level 1 in Necromancy
 10331 | D:5      | Killed Pikel
 10331 | D:5      | Reached skill level 2 in Necromancy
 10471 | D:5      | Killed a kobold demonologist
 10471 | D:5      | Reached skill level 3 in Necromancy
 10645 | D:4      | Found a snail-covered altar of Cheibriados.
 10965 | D:4      | Found Ygicedod's Food Shop.
 11093 | D:4      | Found a white marble altar of Elyvilon.
 11337 | D:3      | Killed Duvessa
 11346 | D:3      | Killed Dowan
 11356 | D:3      | Killed Natasha
 11384 | D:3      | Reached ** piety under Kikubaaqudgha
 11384 | D:3      | Reached skill level 4 in Necromancy
 11641 | D:3      | Noticed Natasha
 11655 | D:3      | Killed Natasha
 11671 | D:3      | Noticed Natasha
 11686 | D:3      | Killed Natasha
 11769 | D:1      | Killed Robin
 12057 | D:8      | Reached skill level 5 in Necromancy
 12088 | D:8      | Noticed Psyche
 12122 | D:8      | Killed Psyche
 12175 | D:8      | Reached skill level 6 in Necromancy
 12175 | D:8      | Reached XP level 11. HP: 60/75 MP: 1/22
 12261 | D:8      | Found a staircase to the Lair.
 12616 | D:9      | Found Wunwem's Antique Armour Shoppe.
 12708 | D:9      | Reached skill level 7 in Necromancy
 12720 | D:9      | Lost mutation: You are clumsy. (Dex -2) [potion of
                  | mutation]
 12720 | D:9      | Lost mutation: Your mind is very acute. (Int +4) [potion of
                  | mutation]
 12720 | D:9      | Lost mutation: Your mind is acute. (Int +2) [potion of
                  | mutation]
 12720 | D:9      | Gained mutation: Scrolls take you a little longer to read.
                  | [potion of mutation]
 12720 | D:9      | Gained mutation: You are partially covered in iridescent
                  | scales. (AC +2) [potion of mutation]
 12720 | D:9      | Gained mutation: You have large cloven feet. [potion of
                  | mutation]
 12720 | D:9      | Gained mutation: You possess an exceptional clarity of
                  | mind. [potion of mutation]
 12810 | D:9      | Reached *** piety under Kikubaaqudgha
 12810 | D:9      | Identified Kikubaaqudgha's Papyrus of Dark Secrets
                  | (Kikubaaqudgha gifted it to you on level 9 of the Dungeon)
 12810 | D:9      | Received a gift from Kikubaaqudgha
 12823 | D:9      | Reached skill level 8 in Necromancy
 13135 | D:8      | Learned a level 5 spell: Dispel Undead
 13141 | D:8      | Learned a level 5 spell: Bolt of Draining
 13252 | D:9      | Found a staircase to the Orcish Mines.
 13311 | D:9      | Found an iron altar of Okawaru.
 13519 | D:10     | Entered Level 10 of the Dungeon
 14124 | D:10     | Found a shattered altar of Ashenzari.
 14179 | D:10     | Reached **** piety under Kikubaaqudgha
 14473 | D:11     | Noticed a red ugly thing
 14493 | D:11     | Killed a red ugly thing
 14493 | D:11     | Reached skill level 5 in Fighting
 14493 | D:11     | Reached skill level 5 in Armour
 14549 | D:11     | Reached skill level 9 in Necromancy
 14556 | D:11     | Noticed a purple ugly thing
 14641 | D:11     | Noticed a manticore
 14654 | D:11     | Killed a manticore
 14654 | D:11     | Reached skill level 5 in Dodging
 14654 | D:11     | Reached XP level 12. HP: 35/86 MP: 7/23
 14719 | D:11     | Noticed a four-headed hydra
 14946 | Orc:1    | Entered Level 1 of the Orcish Mines
 15453 | Orc:1    | Reached ***** piety under Kikubaaqudgha
 15867 | Orc:2    | Entered Level 2 of the Orcish Mines
 15978 | Orc:2    | Noticed an ettin
 16028 | Orc:2    | Demolished by an ettin

Levels and vault maps discovered:
D:1:      shiori_arrival_maze, layout_basic
D:2:      layout_basic
D:3:      layout_rooms, nicolae_qazlal_eye_of_the_storm,
          gup_sewer_entry_bubbles, okawaru_trees_2, uniq_natasha, uniq_robin
D:4:      layout_basic, kennysheep_ying_yang, nicolae_overflow_crystal_walls,
          minmay_temple_entry_overgrown, palyth_stone_intersect,
          kennysheep_small_circle, uniq_duvessa
D:5:      gammafunk_wand_slinger, layout_basic, kennysheep_mini_moat,
          first_ration, uniq_pikel, uniq_edmund, uniq_ijyb
D:6:      layout_gridville, zin_purify, vehumet_crystals,
          grunt_dithmenos_shadows, lemuel_round_altar,
          nicolae_overflow_hidden_temple
D:7:      layout_basic
D:8:      layout_basic, kennysheep_vampire_church,
          grunt_lair_entry_orc_guard_hut, enter_ossuary_5, uniq_psyche
D:9:      layout_rooms, lemuel_crystal_altar, david_orc_3, serial_shops, shop
D:10:     layout_long_grid, hangedman_fish_farm, minmay_misc_feat_tower,
          nrook_mini_vaults, evilmike_ruin_ashenzari
D:11:     layout_loops_ring, kennysheep_kite_vault
Temple:   nicolae_temple_figure_zero
Orc:1:    layout_diamond_mine
Orc:2:    grunt_orc_community_town_hall, layout_diamond_mine,
          grunt_orc_community_big_house_2, grunt_orc_community_big_house_2,
          grunt_orc_community_house_3, grunt_orc_community_house_2,
          grunt_orc_community_house_3, grunt_orc_community_house_2,
          grunt_orc_community_house_2, serial_shops,
          nicolae_shop_window_shopping

Skill      XL: |  1  2  3  4  5  6  7  8  9 10 11 12 |
---------------+-------------------------------------+-----
Conjurations   | 1 2 3 4 5 6 |  6.0
Fire Magic     | 3 5 |  5.0
Air Magic      | 2 4 5 |  5.0
Spellcasting   | 7 |  7.5
Fighting       | 2 3 5 7 |  7.1
Armour         | 2 3 5 7 |  7.1
Dodging        | 2 3 5 6 |  6.3
Charms         | 4 |  4.0
Necromancy     | 6 9 |  9.0
Stealth        | |  2.4
Summonings     | |  1.0
Translocations | |  0.8

Action                   |  1- 3 |  4- 6 |  7- 9 | 10-12 || total
-------------------------+-------+-------+-------+-------++-------
Melee: Dagger            |    30 |    14 |   170 |   180 ||   394
       Unarmed           |     8 |       |       |       ||     8
       Spear             |    28 |    27 |     6 |       ||    61
       Trident           |       |       |   101 |    26 ||   127
       Halberd           |       |       |       |   466 ||   466
       Kick              |       |       |       |    62 ||    62
 Fire: Shortbow          |       |       |    67 |    13 ||    80
Throw: Stone             |       |     1 |     5 |       ||     6
 Cast: Magic Dart        |    96 |   146 |   165 |   143 ||   550
       Conjure Flame     |       |     3 |    44 |    75 ||   122
       Mephitic Cloud    |       |     5 |    26 |    80 ||   111
       Regeneration      |       |       |       |    31 ||    31
       Dispel Undead     |       |       |       |     4 ||     4
       Sublimation of Bl |       |       |       |    10 ||    10
 Abil: Dig               |       |     4 |    27 |    17 ||    48
  Use: Scroll            |       |     7 |     5 |     7 ||    19
       Potion            |       |       |     3 |     1 ||     4
 Stab: Confused          |       |       |     4 |    28 ||    32
       Distracted        |       |       |       |     1 ||     1
       Sleeping          |       |       |       |     2 ||     2
  Eat: Chunk             |     3 |    10 |    19 |    26 ||    58
       Ration            |       |       |     1 |       ||     1
Armor: Robe              |    22 |    15 |    37 |   147 ||   221
       Leather armour    |       |       |     5 |       ||     5
Dodge: Dodged            |    51 |    45 |   173 |   297 ||   566
